 Dungeon Crawl Stone Soup version 0.31-a0-986-g5e6e4ef867 (webtiles) character file.

Game seed: 4001665586901939342

1517 Crabhammer the Insei (level 8, 0/81 HPs)
             Began as an Octopode Brigand on Nov 24, 2023.
             Slain by a manticore (3 damage)
             ... on level 6 of the Dungeon.
             The game lasted 00:22:00 (5575 turns).

Crabhammer the Insei (Octopode Brigand)             Turns: 5575, Time: 00:22:01

Health: 0/81       AC: 24    Str: 10    XL:     8   Next: 83%
Magic:  0/8        EV:  2    Int: 14    God:
Gold:   488        SH:  0    Dex: 21    Spells: 7/7 levels left

rFire   . . .        f - +3 dagger (venom)
rCold   . . .        (no shield)
rNeg    + . .        (helmet currently unavailable)
rPois   +            i - amulet of guardian spirit
rElec   .            d - ring of willpower
rCorr   .            r - ring of positive energy
SInv    .            u - +5 ring of evasion
Will    +....        x - +6 ring of dexterity
Stlth   +++          (no ring)
HPRegen 0.33/turn    (no ring)
MPRegen 0.11/turn    (no ring)
                     (no ring)

%: guardian spirit
@: tree-form
A: stationary, stasis, torment immunity, boosted hp, almost no armour,
(amphibious), 8 rings, (camouflage 1), (gelatinous body 1), (nimble swimmer 1),
(tentacles)
a: no special abilities


You were on level 6 of the Dungeon.
You were a tree.
You visited 1 branch of the dungeon, and saw 7 of its levels.

You collected 488 gold pieces.

Inventory:

Hand Weapons
 f - a +3 dagger of venom (weapon)
Missiles
 b - 16 poisoned darts
 c - 2 curare-tipped darts
 m - 2 boomerangs (quivered)
 v - a javelin
Jewellery
 d - a ring of willpower (left branch)
 i - an amulet of guardian spirit (around neck)
 j - a ring of fire
 r - a ring of positive energy (right branch)
 u - a +5 ring of evasion (on tentacle)
 x - a +6 ring of dexterity (on tentacle)
Wands
 h - a wand of charming (6)
 k - a wand of polymorph (8)
Scrolls
 g - a scroll of enchant armour
 p - 3 scrolls of poison
 s - a scroll of immolation {unknown}
 y - a scroll of torment {unknown}
 A - a scroll of identify
Potions
 e - 4 potions of mutation
 n - a potion of cancellation {unknown}
 o - 2 potions of brilliance
 q - a potion of might {unknown}
 t - a potion of haste {unknown}
 w - 2 potions of heal wounds {unknown}
 z - 2 potions of enlightenment {unknown}
 B - a potion of berserk rage {unknown}


   Skills:
 + Level 3.9 Fighting
 - Level 2.0 Short Blades
 - Level 4.0 Throwing
 + Level 3.4 Dodging
 - Level 5.3 Stealth
 * Level 7.5 Unarmed Combat
 + Level 4.5 Evocations


You had 7 spell levels left.
You didn't know any spells.
Your spell library contained the following spells:

 Spells                   Type           Power      Damage    Failure   Level
 Gell's Gravitas          Tloc           0%         N/A       65%         3
 Teleport Other           Tloc           0%         N/A       65%         3
 Dispersal                Tloc           0%         N/A       100%        6


Dungeon Overview and Level Annotations

Branches:
Dungeon (7/15)
 Temple: D:4-7

Altars:
Elyvilon
Hepliaklqana
Makhleb
Uskayaw


Innate Abilities, Weirdness & Mutations

You are a tree.
Your roots penetrate the ground, keeping you stationary.
You cannot be teleported.
You are immune to unholy pain and torment.
Your maximum health is greatly increased.
You cannot wear most types of armour.
((You are amphibious.))
You can wear up to eight rings at the same time.
((Your skin changes colour to match your surroundings (Stealth+).))
((Your rubbery body absorbs attacks. (AC +1, EV +1)))
((You are camouflaged when in or above water. (Stealth+)))
((You have tentacles for arms and can constrict up to eight enemies at once.))


Message History

The manticore claws you!
You release your grip on the human zombie.
The manticore barely misses you. The manticore closely misses you.
The manticore barely misses you.
You climb upwards.
There is a stone staircase leading down here.
You closely miss the manticore.
The manticore bites you but does no damage.
The manticore closely misses you. The manticore claws you.
You hit the manticore but do no damage.
The manticore is poisoned.
The manticore misses you. The manticore completely misses you.
The manticore claws you!
You hit the manticore but do no damage.
The manticore looks as sick as possible!
The manticore is lightly wounded.
The manticore misses you. The manticore claws you! The manticore claws you.
You hit the manticore but do no damage.
The manticore looks as sick as possible!
The manticore is lightly wounded.
The manticore completely misses you. The manticore closely misses you.
The manticore claws you.
You hit the manticore.
The manticore looks as sick as possible!
The manticore is lightly wounded.
The manticore closely misses you. The manticore claws you!
* * * LOW HITPOINT WARNING * * *
The manticore claws you.
* * * LOW HITPOINT WARNING * * *
Okay, then.
You turn into a tree.
Your roots penetrate the ground.
The manticore completely misses you.
The manticore claws you but does no damage.
The manticore claws you.
* * * LOW HITPOINT WARNING * * *
You barely miss the manticore.
The manticore is moderately wounded.
The manticore bites you but does no damage.
The manticore claws you but does no damage.
The manticore claws you.
You die...

#.####### ##.## #. #.....).#
###..# #. ######.......###...##
#. #............##..### #.
#...............## #.
#.........###.###### #.
######..........#..#....########.
.......########....'.)...........
..............+.♣..#....#########
........#######.H..#....#
...................#....#
............##.....#....#
.......####.#.!##.##....#
.......'..#.#.###.#######
.......##.#.#.# #.#
###.#.....#.#.# #.# #.#######.#.#
#.#


You could see a manticore (extremely poisoned).

Vanquished Creatures
  Grinder (D:6)
  A sky beast (D:6)
  An ice beast (D:6)
  An ogre (D:6)
  A centaur (D:6)
  3 phantoms (D:5)
  A bullfrog (D:6)
  3 scorpions
  A hound (D:5)
  2 jellies
  A sleepcap (D:6)
  5 orc wizards
  3 iguanas
  Robin (D:3)
  4 gnolls
  7 adders
  A worm (D:2)
  2 dart slugs
  11 orcs
  An endoplasm (D:1)
  4 giant cockroaches
  15 goblins
  7 hobgoblins
  5 jackals (D:4)
  6 kobolds
  A quokka (D:1)
  4 ball pythons
  8 bats
  2 frilled lizards
  3 rats
106 creatures vanquished.

Vanquished Creatures (others)
  A butterfly (D:3)
1 creature vanquished.

Grand Total: 107 creatures vanquished

Notes
Turn   | Place    | Note
-------+----------+-------------------------------------------
     0 | D:1      | Crabhammer the Octopode Brigand began the quest for the
                  | Orb.
     0 | D:1      | Reached XP level 1. HP: 14/14 MP: 1/1
    81 | D:1      | Reached skill level 1 in Unarmed Combat
   213 | D:1      | Reached XP level 2. HP: 19/19 MP: 2/2
   310 | D:1      | Reached skill level 2 in Unarmed Combat
   808 | D:2      | Reached XP level 3. HP: 24/24 MP: 3/3
  1519 | D:3      | Noticed Robin
  1525 | D:3      | Reached skill level 3 in Unarmed Combat
  1573 | D:3      | Killed Robin
  1574 | D:3      | Reached XP level 4. HP: 19/29 MP: 4/4
  1679 | D:3      | Found a faded altar of an unknown god.
  1760 | D:3      | Found a white marble altar of Elyvilon.
  2271 | D:3      | Found a burning altar of Makhleb.
  2315 | D:4      | Noticed a scorpion
  2331 | D:4      | Killed a scorpion
  2332 | D:4      | Reached skill level 4 in Unarmed Combat
  2332 | D:4      | Reached XP level 5. HP: 26/34 MP: 5/5
  2459 | D:3      | Reached skill level 5 in Unarmed Combat
  2596 | D:4      | Found a hide-covered altar of Uskayaw.
  2642 | D:4      | Reached XP level 6. HP: 39/39 MP: 6/6
  3076 | D:4      | Reached skill level 6 in Unarmed Combat
  3270 | D:4      | Found a hazy altar of Hepliaklqana.
  3300 | D:5      | Entered Level 5 of the Dungeon
  3395 | D:5      | Reached skill level 1 in Evocations
  3471 | D:5      | Reached XP level 7. HP: 26/45 MP: 3/7
  4415 | D:6      | Reached skill level 7 in Unarmed Combat
  4415 | D:6      | Reached XP level 8. HP: 52/52 MP: 8/8
  5037 | D:6      | Noticed Grinder
  5043 | D:6      | Killed Grinder
  5504 | D:7      | Noticed a manticore
  5574 | D:6      | HP: 2/81 [manticore (5)]
  5575 | D:6      | Slain by a manticore

Illustrated notes

Levels and vault maps discovered:
D:1:      ldierk_walled_garden, layout_basic
D:2:      layout_basic, minmay_pentomino_s4
D:3:      layout_loops_ring, nicolae_elyvilon_peaceful_grove,
          lightli_temple_of_fire, dilly_ecumenical_altar_fadedgnrine,
          chequers_serial_rivers_micro_d, nrook_loot_triangle, uniq_robin
D:4:      layout_cave_pools, kennysheep_mini, amcnicky_altar_gilded
D:5:      layout_rooms, abandoned_shop, minmay_misc_feat_tower,
          dk_rats_in_the_wall
D:6:      layout_basic, uniq_grinder
D:7:      layout_rooms, general_overflow_altar, minmay_temple_entry_fiery,
          enter_ossuary_3, minmay_microvault

Skill      XL: |  1  2  3  4  5  6  7  8 |
---------------+-------------------------+-----
Unarmed Combat | 1 2 3 4 5 6 7 |  7.5
Evocations     | 2 3 4 |  4.5
Dodging        | 2 3 |  3.4
Fighting       | 3 |  3.9
Throwing       | 3 4 |  4.0
Short Blades   | |  2.0
Stealth        | |  5.3

Action                     |  1- 3 |  4- 6 |  7- 9 || total
---------------------------+-------+-------+-------++-------
  Melee: Dagger            |    57 |    95 |    90 ||   242
         Tentacles         |     7 |    20 |    18 ||    45
         Constrict         |    12 |    22 |    16 ||    50
         Punch             |       |     4 |     7 ||    11
         Unarmed           |       |       |    11 ||    11
  Throw: Boomerang         |     1 |    32 |    12 ||    45
         Dart              |       |     5 |     4 ||     9
         Javelin           |       |       |     1 ||     1
    Use: Scroll            |     8 |     2 |     3 ||    13
         Potion            |       |       |     2 ||     2
   Stab: Sleeping          |    16 |     4 |     4 ||    24
         Distracted        |       |     1 |       ||     1
 Armour: Skin              |    13 |    35 |    50 ||    98
  Dodge: Dodged            |    21 |    41 |    65 ||   127

Table legend: (Time is in decaauts)
 A = Elapsed time spent in this place.
 B = Non-inter-level travel time spent in this place.
 C = Inter-level travel time spent in this place.
 D = Time resting spent in this place.
 E = Time spent auto-exploring this place.
 F = Levels seen in this place.
 G = Mean time per level.
                   A        B        C        D        E       F      G
               +--------+--------+--------+--------+--------+-----+--------+
         Total |   5562 |   5154 |    408 |   1053 |   2741 |   7 |  794.6 |
       Dungeon |   5562 |   5154 |    408 |   1053 |   2741 |   7 |  794.6 |
               +--------+--------+--------+--------+--------+-----+--------+

Top non-repeatable levels by time:
     D:6: 1252 daAuts
     D:3: 1185 daAuts
     D:5: 966 daAuts
     D:4: 802 daAuts
     D:1: 717 daAuts
     D:2: 621 daAuts
     D:7: 16 daAuts
